Map: Lightshade LE

Players

ViBE - Winner!

  • Race: Zerg Zerg
  • League: Diamond

Corp

  • Race: Terran Terran
  • League: Diamond

VOD

Have the link to the VOD?

Description

Time

  • Played on: April 21, 2021, 8:52 p.m.
  • Length: 12:08
Show
View Real Time Build Order
Export as new Build Order

ViBE Zerg - Winner!

Build Orders: Hatch First 

Get SALT Encoding   

  12  0:00  Drone  
  13  0:12  Overlord  
  13  0:19  Drone  
  14  0:30  Drone x2  
  16  0:48  Hatchery  
  15  0:52  Drone  
  15  0:55  Drone  
  17  0:58  Drone  
  18  1:10  Extractor  
  17  1:14  Spawning Pool  
  17  1:17  Drone  
  17  1:20  Drone  
  18  1:28  Drone  
  19  1:46  Drone  
  20  1:54  Overlord  
  20  2:01  Queen x2  
  20  2:02  Zergling x4  
  26  2:11  Metabolic Boost  
  26  2:12  Drone x2  
  28  2:23  Drone x2  
  28  2:29  Spore Crawler  
  29  2:44  Hatchery  
  29  2:49  Drone  
  29  2:55  Drone  
  29  2:56  Drone x4  
  34  3:06  Overlord  
  34  3:13  Drone  
  34  3:16  Drone  
  36  3:28  Drone  
  36  3:29  Drone x4  
  36  3:30  Queen  
  42  3:35  Drone  
  43  3:44  Overlord x2  
  43  3:52  Baneling Nest  
  42  3:57  Zergling x6  
  46  4:02  Zergling x2  
  46  4:03  Zergling x6  
  46  4:07  Queen  
  46  4:08  Queen  
  46  4:09  Overlord  
  53  4:11  Drone x4  
  57  4:20  Drone x2  
  59  4:35  Drone x4  
  63  4:40  Overlord x3  
  63  4:50  Baneling x5  
  63  4:52  Baneling x2  
  63  4:59  Baneling  
  63  5:01  Zergling x12  
  63  5:04  Drone x3  
  72  5:11  Queen x2  
  76  5:21  Overlord x2  
  76  5:23  Drone x8  
  76  5:27  Hatchery  
  83  5:34  Drone x3  
  86  5:37  Extractor, Lair  
  86  5:40  Extractor  
  86  5:41  Extractor, Drone x7  
  86  5:42  Extractor x2  
  88  5:55  Overlord x3  
  87  6:05  Drone x6  
  91  6:18  Drone, Evolution Chamber x2  
  91  6:19  Drone x3  
  91  6:22  Baneling x3  
  91  6:23  Baneling  
  89  6:43  Drone x3  
  89  6:46  Zergling x14  
  99  6:50  Queen  
  99  6:51  Queen  
  99  6:52  Hatchery  
  102  6:59  Zergling x6  
  105  7:09  Centrifical Hooks, Zerg Ground Armor Level 1, Hydralisk Den, Zerg Melee Weapons Level 1  
  104  7:22  Zergling x24  
  98  7:30  Baneling x2  
  98  7:31  Baneling  
  98  7:32  Baneling x4, Zergling x10  
  98  7:36  Zergling x14  
  110  7:45  Zergling x4  
  110  7:47  Baneling x9  
  110  7:49  Zergling x12  
  117  7:56  Grooved Spines  
  117  7:57  Overlord x4  
  115  8:16  Queen  
  117  8:21  Overseer x2  
  117  8:22  Drone  
  117  8:23  Drone x16  
  134  8:30  Hatchery  
  134  8:33  Hydralisk, Infestation Pit  
  134  8:34  Hydralisk x7  
  148  8:53  Drone x4  
  148  8:54  Drone x2  
  150  8:56  Queen  
  149  9:04  Zerg Ground Armor Level 2, Zerg Melee Weapons Level 2  
  149  9:07  Muscular Augments  
  149  9:18  Zergling x18  
  149  9:19  Overlord x8  
  158  9:28  Extractor x2  
  155  9:42  Zergling x28  
  157  9:46  Baneling x11  
  157  9:52  Zergling x2  
  155  9:53  Zergling x12  
  148  10:02  Zergling x4  
  148  10:03  Zergling x10  
  151  10:10  Overseer  
  151  10:11  Hydralisk  
  151  10:12  Hydralisk x4  
  159  10:28  Zergling x34  
  167  10:29  Zergling x4  
  167  10:31  Hatchery  
  167  10:32  Baneling  
  167  10:33  Baneling x11  
  167  10:35  Queen  
  179  10:44  Infestation Pit  
  179  10:47  Queen  
  180  10:54  Zergling x4  
  180  10:55  Zergling x36  
  200  10:59  Baneling x8  
  200  11:00  Baneling x7  
  188  11:31  Extractor  
  187  11:33  Extractor  
Show
View Real Time Build Order
Export as new Build Order

Corp Terran 

Build Orders: Reaper Expand 

Get SALT Encoding   

  12  0:00  SCV  
  13  0:16  SCV  
  13  0:17  Supply Depot  
  14  0:29  SCV  
  15  0:40  Barracks  
  15  0:43  SCV  
  15  0:44  Refinery  
  16  0:57  SCV  
  17  1:09  SCV  
  18  1:21  SCV  
  19  1:27  Reaper  
  20  1:33  Orbital Command  
  20  1:46  Command Center  
  20  1:59  Barracks  
  20  2:02  Barracks Reactor  
  20  2:05  SCV  
  21  2:13  Supply Depot  
  21  2:22  SCV  
  21  2:45  Marine x2  
  21  2:46  Barracks Tech Lab  
  21  2:47  Factory  
  21  2:48  SCV  
  21  2:49  Refinery  
  23  3:01  Orbital Command  
  23  3:04  Marine x3  
  26  3:09  Stimpack  
  26  3:11  SCV  
  26  3:28  SCV  
  26  3:31  SCV  
  26  3:34  Marine x3  
  29  3:37  Starport  
  29  3:39  Factory Reactor  
  29  3:41  SCV  
  32  3:43  SCV  
  33  3:52  Marine x2  
  33  3:53  Marine  
  33  3:54  SCV, Supply Depot  
  37  3:56  SCV  
  38  4:08  SCV  
  41  4:19  SCV  
  41  4:20  Marine  
  41  4:21  Marine x2  
  41  4:23  SCV  
  41  4:24  Supply Depot  
  46  4:27  Refinery  
  44  4:35  SCV  
  44  4:36  Factory Tech Lab, Medivac x2  
  44  4:38  SCV  
  50  4:42  Marine x2  
  50  4:43  Marine  
  53  4:47  SCV, Supply Depot  
  53  4:51  SCV  
  55  4:59  Combat Shield  
  58  5:01  Marine x2  
  58  5:02  Marine  
  58  5:04  SCV  
  58  5:06  SCV  
  60  5:12  Supply Depot  
  60  5:21  Marine x3  
  60  5:23  SCV, Medivac  
  60  5:24  Viking  
  68  5:34  SCV, Siege Tank  
  68  5:35  Refinery  
  72  5:36  Supply Depot  
  72  5:39  SCV  
  73  5:44  Marine x3  
  73  5:46  SCV  
  77  5:51  SCV  
  78  6:05  Marine x2  
  78  6:06  Marine  
  78  6:07  Medivac, Siege Tank  
  86  6:15  Medivac  
  81  6:32  Marine x3  
  83  6:33  SCV  
  83  6:34  SCV  
  85  7:04  Marine  
  86  7:10  Barracks, Engineering Bay x2  
  86  7:11  Barracks x2, Command Center  
  86  7:14  Supply Depot  
  86  7:15  Supply Depot  
  86  7:16  Supply Depot  
  86  7:20  Marine x2, Siege Tank  
  77  7:37  Marine x3  
  77  7:40  Medivac x2  
  84  7:52  Siege Tank  
  84  7:58  Barracks Reactor x3, Marine x2  
  87  8:00  Marauder  
  87  8:01  Concussive Shells  
  87  8:02  Terran Infantry Armor Level 1, Terran Infantry Weapons Level 1  
  87  8:04  Armory  
  89  8:20  Marine x2  
  89  8:21  Marauder  
  89  8:22  Medivac  
  89  8:24  Liberator  
  89  8:25  Widow Mine  
  100  8:30  SCV x2  
  102  8:38  Marine  
  103  8:42  Marine  
  103  8:43  Marauder  
  103  8:47  Marine x5  
  110  9:02  Orbital Command  
  105  9:04  Marauder  
  106  9:24  Marine x5  
  106  9:25  Marine x3  
  106  9:26  Marauder, Siege Tank  
  106  9:29  Factory  
  106  9:30  Armory  
  75  10:07  Marine x2  
  75  10:08  Marine x6  
  75  10:09  Marauder, Siege Tank  
  75  10:13  Terran Vehicle And Ship Armor Level 1  
  86  10:19  SCV x3  
  87  10:25  Marine x2  
  89  10:31  SCV  
  90  10:36  Marine x2  
  90  10:37  Marine x5  
  90  10:39  Factory Tech Lab  
  90  10:40  Medivac  
  99  10:43  Marine  
  99  10:45  SCV  
  101  10:50  Marine  
  101  10:54  SCV, Marine x2  
  105  10:57  SCV x2  
  105  10:58  Supply Depot x2  
  97  11:12  Orbital Command  
  92  11:32  Siege Tank x2  
  98  11:33  Marine x7  
  98  11:37  Marine  
  107  11:40  Marauder  
Tags
 
Add a new tag
Caveats
  • Supply blocks, unpowered buildings, or Contaminate may cause inaccurate times.
  • Supply counts are checked every 10 seconds.